 Seeded DCSS version 0.28.0-53-g5a82cb258f (webtiles) character file.

Game seed: 10077074884737061911 (custom seed)

3771 Sanktem7 the Covert (level 9, -22/39 HPs)
             Began as a Spriggan Enchanter on June 29, 2022.
             Annihilated by an orc warlord
             ... wielding a +0 war axe
              (36 damage)
             ... in a bailey.
             The game lasted 00:36:17 (10055 turns).

Sanktem7 the Covert (Spriggan Enchanter)           Turns: 10055, Time: 00:36:18

Health: -22/39     AC:  5    Str: 10    XL:     9   Next: 94%
Magic:  16/22      EV: 19    Int: 21    God:
Gold:   2022       SH:  0    Dex: 20    Spells: 19/24 levels left

rFire   + + .      SeeInvis +   g - +0 dagger (venom) {short}
rCold   x . .      Faith    .   (no shield)
rNeg    . . .      Spirit   .   b - +0 robe
rPois   .          Reflect  .   (helmet restricted)
rElec   +          Harm     .   t - +2 cloak
rCorr   +          Rampage  .   (gloves unavailable)
Will    +....                   (boots unavailable)
Stlth   ++++++....              x - amulet "Irey" {Acrobat +Inv rElec rF+}
HPRegen 0.13/turn               f - ring "Xeemmiul" {rF+ rC- rCorr Str+6 Dex+5}
MPRegen 0.18/turn               m - ring of flight

@: confusing by touch, flying, very quick
A: very small, no large weapons, unfitting armour, see invisible, speed 3
a: Evoke Invisibility


You were in a bailey.
You visited 1 branch of the dungeon, and saw 8 of its levels.
You also visited: Bailey.

You collected 2022 gold pieces.


Innate Abilities, Weirdness & Mutations

You are very small and have problems with some larger weapons.
You are too small for most types of armour.
You have supernaturally acute eyesight. (SInv)
You cover ground extremely quickly. (Speed+++)


   Skills:
 - Level 1.1 Short Blades
 - Level 4.0 Dodging
 * Level 14.2 Stealth
 + Level 8.1 Spellcasting
 * Level 11.2 Hexes


You had 19 spell levels left.
You knew the following spells:

 Your Spells              Type           Power      Damage    Failure   Level
a - Ensorcelled Hibernat  Hex/Ice        64%        N/A       1%          2
b - Confusing Touch       Hex            54%        N/A       1%          3

Your spell library contained the following spells:

 Spells                   Type           Power      Damage    Failure   Level
 Tukima's Dance           Hex            54%        N/A       1%          3
 Dazzling Flash           Conj/Hex       64%        N/A       2%          3
 Sting                    Tmut/Pois      32%        1d4       8%          1
 Poisonous Vapours        Pois/Air       16%        N/A       12%         2
 Conjure Flame            Conj/Fire      8%         6-21      24%         3
 Ignite Poison            Fire/Tmut/Pois 8%         N/A       24%         3
 Iskenderun's Mystic Bla  Conj/Tloc      8%         2d4       61%         4
 Olgreb's Toxic Radiance  Pois           8%         N/A       61%         4
 Sticky Flame             Conj/Fire      8%         2d3       61%         4
 Starburst                Conj/Fire      4%         6d3       100%        6

Inventory:

Hand Weapons
 g - a +0 dagger of venom (weapon) {short}
   (You took it off a goblin on level 1 of the Dungeon)
Missiles
 i - 6 poisoned darts (quivered) {throwing}
 j - 9 stones {throwing}
 k - a curare-tipped dart {=fthrowing}
 v - a silver boomerang {throwing}
 C - 16 bolts
Armour
 b - a +0 robe (worn)
 t - a +2 cloak (worn)
   (You found it on level 4 of the Dungeon)
Magical Staves
 z - a staff of earth {!astaff}
   (You found it on level 7 of the Dungeon)
Jewellery
 a - the amulet of Oqibupt {Spirit Slay+5}
   (You acquired it on level 1 of the Dungeon)

   [amulet of guardian spirit]

   It causes incoming damage to be divided between your reserves of health and
   magic.
   Slay:      It affects your accuracy & damage with ranged weapons and melee
   (+5).
 f - the ring "Xeemmiul" (left hand) {rF+ rC- rCorr Str+6 Dex+5}
   (You acquired it on level 1 of the Dungeon)

   [ring of strength]

   Str:       It affects your strength (+6).
   Dex:       It affects your dexterity (+5).
   rF:        It protects you from fire.
   rC:        It makes you vulnerable to cold.
   rCorr:     It protects you from acid and corrosion.
 m - a ring of flight (right hand)
   (You found it on level 2 of the Dungeon)
 x - the amulet "Irey" (around neck) {Acrobat +Inv rElec rF+}
   (You acquired it on level 7 of the Dungeon)

   [amulet of the acrobat]

   It increases your evasion while moving and waiting.
   rF:        It protects you from fire.
   rElec:     It insulates you from electricity.
   +Inv:      It lets you turn invisible.
 y - a ring of resist corrosion
   (You found it on level 5 of the Dungeon)
 F - an amulet of faith {!P}
   (You found it on level 6 of the Dungeon)
 J - a ring of protection from cold
   (You found it in a bailey)
Wands
 w - a wand of flame (19)
   (You found it on level 5 of the Dungeon)
 D - a wand of acid (19)
   (You found it on level 5 of the Dungeon)
Scrolls
 e - a scroll of magic mapping {!r}
 r - a scroll of fear {unknown}
 u - 3 scrolls of enchant armour {unknown}
 B - a scroll of fog {unknown}
 I - a scroll of teleportation {unknown}
Potions
 c - a potion of invisibility
 d - 2 potions of brilliance
 h - 2 potions of flight
 l - 2 potions of attraction {!q}
 n - a potion of ambrosia {unknown}
 o - a potion of cancellation {unknown}
 p - 5 potions of heal wounds {unknown}
 q - 2 potions of lignification {unknown}
 s - a potion of degeneration {unknown}
 A - 2 potions of curing {unknown}
 E - 3 potions of haste {unknown}
 G - 2 potions of mutation {unknown}
 H - a potion of experience {unknown}

Dungeon Overview and Level Annotations

Branches:
Dungeon (8/15)             Temple (0/1) D:7            Lair (0/6) D:8
 Bailey (1/1)

Altars:
Dithmenos
Hepliaklqana
Kikubaaqudgha
Makhleb
Qazlal
Xom

##.......## #.........#
##.........##
#######.....⌠.....#######
##.....##)........##.....##
#.......).........).......#
##.......##...)...##)......##
#.........#...o...#.........#
##......)..##88@88##.........##
#.....⌠.....###'###.....⌠.....#
##.........###...###.........##
#.........#.......#..)......#
##.......##.......##.......##
#.......#.........#.......#
##o.g..##.........##.....##
##)####...........####)##
##.....##.........##...).##


You could see an orc warlord.


Message History

Aiming: Ensorcelled Hibernation (safe; 1% risk of failure)
Press: ? - help, Shift-Dir - straight line, f/p - orc warrior
Aim: an orc warrior, wielding a +0 war axe and wearing a +0 chain mail (lightly wounded, poisoned, chance to affect: 62%)
The orc warrior resists with significant effort.
The orc warrior barely misses you. 😱 MP[-2]
You lost 2 mp, and now have 5/22 mp.
You closely miss the orc warrior.
The orc warrior closely misses you. 😱 MP[+1]
Casting: Ensorcelled Hibernation (safe; 1% risk of failure)
Confirm with . or Enter, or press ? or * to list all spells.
Aiming: Ensorcelled Hibernation (safe; 1% risk of failure)
Press: ? - help, Shift-Dir - straight line, f/p - orc warrior
Aim: an orc warrior, wielding a +0 war axe and wearing a +0 chain mail (lightly wounded, poisoned, chance to affect: 62%)
The orc warrior looks drowsy... 😱 MP[-2]
You lost 2 mp, and now have 4/22 mp.
The helpless orc warrior fails to defend itself.
You stick the orc warrior like a pincushion!!!!
You kill the orc warrior! 😱 MP[+1]
You start resting. 😨 HP[+13] MP[+17]
You regained 13 hp, and now have 19/39 hp.
Your mp is fully restored (22).
You start resting. 😎 HP[+20]
Your hp is fully restored (39).
Things that are here:
a +0 hand axe {axe}; a +0 leather armour
There is an open door, spattered with blood here.
Things that are here:
a +0 hand axe {axe}; a +0 leather armour
Things that are here:
a +0 war axe {axe}; a +0 chain mail
There is an open door, spattered with blood here.
Items here: )))))) [[[[[[.
The gnoll shouts!
Casting: Ensorcelled Hibernation (safe; 1% risk of failure)
Confirm with . or Enter, or press ? or * to list all spells.
Aiming: Ensorcelled Hibernation (safe; 1% risk of failure)
Press: ? - help, Shift-Dir - straight line, f - gnoll
Aim: a gnoll, wielding a +0 hand axe and wearing a +0 leather armour (chance to affect: 70%)
The gnoll looks drowsy... 😎 MP[-2]
You lost 2 mp, and now have 20/22 mp.
The helpless gnoll fails to defend itself.
You skewer the gnoll like a kebab!!!
You kill the gnoll!
You now have 2022 gold pieces (gained 22).
Things that are here:
a +0 hand axe {axe}; a +0 leather armour; a gnoll corpse 😎 MP[+1]
There is an open door here. 😎 MP[+1]
Your mp is fully restored (22).
J - a ring of protection from cold
There is an open door here.
The orc warlord shouts!
The orc warlord completely misses you.
Casting: Ensorcelled Hibernation (safe; 1% risk of failure)
Confirm with . or Enter, or press ? or * to list all spells.
Aiming: Ensorcelled Hibernation (safe; 1% risk of failure)
Press: ? - help, Shift-Dir - straight line, f - orc warlord
Aim: an orc warlord, wielding a +0 war axe, wearing a +0 chain mail and wearing a ring of willpower (chance to affect: 5%)
The orc warlord resists with almost no effort.
The orc warlord hits you with a +0 war axe. 😕 HP[-3] MP[-2]
You take 3 damage, and now have 36/39 hp.
You lost 2 mp, and now have 20/22 mp.
There is an open door here. 😕 HP[+1]
Casting: Ensorcelled Hibernation (safe; 1% risk of failure)
Confirm with . or Enter, or press ? or * to list all spells.
Aiming: Ensorcelled Hibernation (safe; 1% risk of failure)
Press: ? - help, Shift-Dir - straight line, f/p - orc warlord
Aim: an orc warlord, wielding a +0 war axe, wearing a +0 chain mail and wearing a ring of willpower (chance to affect: 5%)
The orc warlord looks drowsy... 😕 MP[-2]
You lost 2 mp, and now have 18/22 mp.
There is an open door here.
The orc warlord shouts!
You hit the orc warlord but do no damage.
The orc warlord hits you with a +0 war axe. 😕 HP[-3] MP[+1]
You take 3 damage, and now have 34/39 hp.
Casting: Ensorcelled Hibernation (safe; 1% risk of failure)
Confirm with . or Enter, or press ? or * to list all spells.
Your hands begin to glow red.
The orc warlord hits you with a +0 war axe!!
Ouch! That really hurt!
* * * LOW HITPOINT WARNING * * *
😨 HP[-20] MP[-3]
You take 20 damage, and now have 14/39 hp.
MASSIVE DAMAGE!! (PAUSE)
You lost 3 mp, and now have 16/22 mp.
You hit the orc warlord but do no damage.
The orc warlord hits you with a +0 war axe!!!
Ouch! That really hurt!
You die...

Skill      XL: |  1  2  3  4  5  6  7  8  9 |
---------------+----------------------------+-----
Stealth        | 5 6 7 8 9 12 14 | 14.2
Dodging        | 3 4 |  4.0
Spellcasting   | 3 4 5 6 8 |  8.1
Hexes          | 4 5 6 7 9 11 | 11.2
Short Blades   | |  1.1

Action                   |  1- 3 |  4- 6 |  7- 9 || total
-------------------------+-------+-------+-------++-------
Melee: Dagger            |    80 |    67 |   226 ||   373
       Punch             |     1 |     2 |     5 ||     8
 Cast: Ensorcelled Hiber |    18 |    30 |   120 ||   168
       Confusing Touch   |       |     1 |    14 ||    15
  Use: Scroll            |     4 |       |     5 ||     9
 Stab: Sleeping          |    29 |    20 |    77 ||   126
       Confused          |       |     1 |    11 ||    12
Armor: Robe              |     8 |     2 |    12 ||    22
Dodge: Dodged            |    55 |    68 |   235 ||   358

Levels and vault maps discovered:
D:1:      erik_arrival_blinker_ship, layout_basic
D:2:      layout_basic, basic_altar, basic_ecumenical_altar
D:3:      layout_basic, mainiacjoe_overflow_tiny_flanked
D:4:      layout_basic, mainiacjoe_overflow_surrounded_room, uniq_menkaure
D:5:      layout_basic, kiku_gazebo_garden_becter,
          worldfamousw_hep_ancestral_shrine, serial_glass, glass_columns_a,
          glass_columns_b, glass_columns_a, glass_columns_b, glass_columns_a,
          glass_columns_a
D:6:      layout_cave_pods, nicolae_dithmenos_the_darkroom, grunt_decor_cap,
          serial_bayou_crossing
D:7:      layout_cave_pools, minmay_temple_entry_large_hall
D:8:      layout_gridville, mainiacjoe_overflow_catch_the_wave,
          nicolae_overflow_hidden_temple, lair_entry_dummy, enter_bailey_3,
          serial_undead, serial_undead_a, serial_undead_d, serial_undead_f,
          serial_undead_b, uniq_gastronok
Bailey:   bailey_axe_minmay_hex_keep, bailey

Notes
Turn   | Place    | Note
-------+----------+-------------------------------------------
     0 | D:1      | Sanktem7 the Spriggan Enchanter began the quest for the
                  | Orb.
     0 | D:1      | Reached XP level 1. HP: 9/9 MP: 5/5
     0 | D:1      | magus.rc [v1.9.6]
   410 | D:1      | Reached XP level 2. HP: 13/13 MP: 6/6
   547 | D:1      | Identified 4 scrolls of acquirement
   547 | D:1      | Acquired 857 gold pieces
   548 | D:1      | Acquired the ring "Xeemmiul" {rF+ rC- rCorr Str+6 Dex+5}
   549 | D:1      | Acquired 843 gold pieces
   550 | D:1      | Acquired the amulet of Oqibupt {Spirit Slay+5}
   627 | D:1      | Reached skill level 5 in Stealth
   634 | D:1      | Reached skill level 3 in Dodging
   639 | D:1      | Reached skill level 3 in Spellcasting
   712 | D:1      | Reached skill level 4 in Hexes
   751 | D:1      | Learned a level 2 spell: Ensorcelled Hibernation
  1163 | D:1      | Reached XP level 3. HP: 16/16 MP: 5/8
  1473 | D:2      | Found a shimmering altar of Xom.
  1586 | D:2      | You pick up a book of Spectacle and begin reading...
  1586 | D:2      | You add the spells Iskenderun's Mystic Blast and Starburst
                  | to your library.
  1845 | D:2      | Found a faded altar of an unknown god.
  2078 | D:2      | Found the +7 Kryia's mail coat {PotionHeal*2 rC+}
  2177 | D:3      | Found a burning altar of Makhleb.
  2179 | D:3      | Reached XP level 4. HP: 21/21 MP: 9/9
  2206 | D:3      | Reached skill level 6 in Stealth
  2928 | D:3      | Reached XP level 5. HP: 24/24 MP: 6/11
  2997 | D:3      | Reached skill level 5 in Hexes
  3474 | D:4      | You add the spells Conjure Flame, Ignite Poison and Sticky
                  | Flame to your library.
  3511 | D:4      | Noticed an ogre
  3527 | D:4      | Noticed an ogre
  3567 | D:4      | Reached skill level 4 in Dodging
  3643 | D:4      | Learned a level 3 spell: Confusing Touch
  3673 | D:4      | Found a stormy altar of Qazlal.
  3722 | D:4      | Noticed Menkaure
  3728 | D:4      | HP: 3/24 [Menkaure (17)]
  3733 | D:4      | Killed Menkaure
  3734 | D:4      | Reached skill level 7 in Stealth
  3734 | D:4      | Reached skill level 4 in Spellcasting
  3734 | D:4      | Reached XP level 6. HP: 4/28 MP: 3/13
  4001 | D:4      | Reached skill level 6 in Hexes
  4118 | D:4      | Reached skill level 8 in Stealth
  4118 | D:4      | Reached XP level 7. HP: 32/32 MP: 11/14
  4341 | D:5      | Entered Level 5 of the Dungeon
  4561 | D:5      | Reached skill level 5 in Spellcasting
  4622 | D:5      | Reached skill level 9 in Stealth
  4641 | D:5      | Reached skill level 7 in Hexes
  4880 | D:5      | Found an ancient bone altar of Kikubaaqudgha.
  5212 | D:5      | Found a hazy altar of Hepliaklqana.
  5336 | D:6      | Reached XP level 8. HP: 27/36 MP: 12/17
  5425 | D:6      | You add the spells Sting, Poisonous Vapours and Olgreb's
                  | Toxic Radiance to your library.
  5634 | D:6      | Reached skill level 10 in Stealth
  5769 | D:6      | Reached skill level 8 in Hexes
  6080 | D:6      | Found a shadowy altar of Dithmenos.
  6438 | D:7      | Reached skill level 6 in Spellcasting
  6455 | D:7      | Noticed a manticore
  6675 | D:7      | Reached skill level 11 in Stealth
  7481 | D:7      | Found a staircase to the Ecumenical Temple.
  7498 | D:7      | Killed a manticore
  7499 | D:7      | Reached skill level 12 in Stealth
  7499 | D:7      | Reached skill level 9 in Hexes
  7499 | D:7      | Reached XP level 9. HP: 39/39 MP: 10/20
  7692 | D:7      | Reached skill level 7 in Spellcasting
  7951 | D:7      | Reached skill level 10 in Hexes
  8262 | D:7      | Acquired the amulet "Irey" {Acrobat +Inv rElec rF+}
  8350 | D:8      | Found a flagged portal.
  8352 | D:8      | Found a staircase to the Lair.
  8375 | Bailey   | Entered a bailey
  9195 | Bailey   | Reached skill level 13 in Stealth
  9644 | Bailey   | Noticed an orc knight
  9644 | Bailey   | Noticed an orc warlord
  9675 | Bailey   | HP: 1/39 [orc knight/+0 broad axe (13)]
  9679 | Bailey   | Killed an orc knight
  9680 | Bailey   | Reached skill level 14 in Stealth
  9680 | Bailey   | Reached skill level 8 in Spellcasting
  9680 | Bailey   | Reached skill level 11 in Hexes
  9707 | Bailey   | HP: 3/39 [orc warrior/+0 war axe (1)]
 10055 | Bailey   | Annihilated by an orc warlord

Vanquished Creatures
  An orc knight (Bailey)
  A manticore (D:7)
  A hornet (D:7)
  Menkaure (D:4)
  An ice beast (D:5)
  8 orc warriors (Bailey)
  A black bear (D:4)
  3 ogres
  A centaur (D:5)
  A kobold brigand (D:7)
  A bullfrog (D:7)
  2 scorpions
  A water moccasin zombie (D:5)
  7 wights (D:7)
  A jelly (D:6)
  A bullfrog zombie (D:5)
  2 hounds (D:7)
  2 orc priests (D:7)
  A centaur skeleton (D:5)
  A gnoll shaman (D:7)
  6 iguanas
  2 orc wizards (D:7)
  A killer bee zombie (D:4)
  16 gnolls
  3 adders
  A shadow imp (D:6)
  A white imp (D:6)
  4 dart slugs
  16 orcs
  5 bats
  10 endoplasms
  5 giant cockroaches
  28 goblins
  16 hobgoblins
  3 jackals (D:1)
  15 kobolds
  2 quokkas
  6 ball pythons
  3 frilled lizards (D:1)
  A quokka skeleton (D:4)
  7 rats
189 creatures vanquished.

Vanquished Creatures (others)
  A withered plant (D:5)
1 creature vanquished.

Grand Total: 190 creatures vanquished

Table legend:
 A = Non-vault XP
 B = Vault XP
 C = Vault XP percentage of total XP
 D = Non-vault monster count
 E = Vault monster count
 F = Vault count percentage of total count
                 A         B        C        D         E       F
            +---------+---------+-------+---------+---------+-------
      Total |    3395 |    1993 |  37.0 |     139 |      50 |  26.5
            +---------+---------+-------+---------+---------+-------
        D:1 |      52 |       0 |   0.0 |      30 |       0 |   0.0
        D:2 |      42 |       0 |   0.0 |      17 |       0 |   0.0
        D:3 |     139 |       0 |   0.0 |      21 |       0 |   0.0
        D:4 |     461 |     165 |  26.4 |      15 |       1 |   6.2
        D:5 |     527 |       0 |   0.0 |      12 |       0 |   0.0
        D:6 |     300 |       0 |   0.0 |       9 |       0 |   0.0
        D:7 |    1874 |       0 |   0.0 |      35 |       0 |   0.0
        D:8 |       0 |       8 | 100.0 |       0 |       4 | 100.0
     Bailey |       0 |    1820 | 100.0 |       0 |      45 | 100.0
            +---------+---------+-------+---------+---------+-------

Illustrated notes

Table legend:
 A = Kills in this place as a percentage of kills in entire the game.
 B = Kills by you in this place as a percentage of kills by you in the entire game.
 C = Kills by friends in this place as a percentage of kills by friends in the entire game.
 D = Other kills in this place as a percentage of other kills in the entire game.
 E = Experience gained in this place as a percentage of experience gained in the entire game.
 F = Experience gained in this place divided by the number of levels of this place that you have seen.
                   A       B       C       D       E      F
               +-------+-------+-------+-------+-------+----------------------
         Total | 100.0 | 100.0 |   N/A |   N/A | 100.0 | 598.7
       Dungeon |  76.2 |  76.2 |   N/A |   N/A |  66.2 | 446.0
        Bailey |  23.8 |  23.8 |   N/A |   N/A |  33.8 | 1820.0
               +-------+-------+-------+-------+-------+----------------------

Table legend: (Time is in decaauts)
 A = Elapsed time spent in this place.
 B = Non-inter-level travel time spent in this place.
 C = Inter-level travel time spent in this place.
 D = Time resting spent in this place.
 E = Time spent auto-exploring this place.
 F = Levels seen in this place.
 G = Mean time per level.
                   A        B        C        D        E       F      G
               +--------+--------+--------+--------+--------+-----+--------+
         Total |   8218 |   8162 |     56 |   4119 |   1877 |   9 |  913.1 |
       Dungeon |   6709 |   6653 |     56 |   3034 |   1877 |   8 |  838.6 |
        Bailey |   1508 |   1508 |      0 |   1084 |      0 |   1 | 1508.0 |
               +--------+--------+--------+--------+--------+-----+--------+

Top non-repeatable levels by time:
     D:6: 1611 daAuts
  Bailey: 1508 daAuts
     D:1: 1093 daAuts
     D:4: 980 daAuts
     D:3: 895 daAuts
     D:7: 863 daAuts
     D:5: 688 daAuts
     D:2: 515 daAuts
     D:8: 61 daAuts
